 Dungeon Crawl Stone Soup version 0.18-a0-1805-g8ab820f (webtiles) character file.

29 Mefis the Magician (level 3, 0/24 HPs)
             Began as a Human Wizard on Apr 25, 2016.
             Succumbed to an adder's poison
             ... on level 2 of the Dungeon.
             The game lasted 00:06:55 (1079 turns).

Mefis the Magician (Human Wizard)                   Turns: 1079, Time: 00:06:56

Health: 0/24       AC:  2    Str:  7    XL:     3   Next: 32%
Magic:  0/8        EV: 12    Int: 19    God:
Gold:   55         SH:  0    Dex: 11    Spells: 4 memorised, 2 levels left

rFire  . . .     SeeInvis .     h - +0 dagger
rCold  . . .     Gourm    .     a - +0 robe
rNeg   . . .     Faith    .     (no shield)
rPois  .         Spirit   .     b - +0 hat
rElec  .         Dismiss  .     (no cloak)
rCorr  .         Reflect  .     (no gloves)
SustAt .         Harm     .     (no boots)
MR     .....                    (no amulet)
Stlth  ++........               (no ring)
                                (no ring)

@: lethally poisoned (0 -> -2), very slightly contaminated, hasted, repel
missiles, very quick, not resistant to hostile enchantments, unstealthy
A: no striking features
a: no special abilities


You were on level 2 of the Dungeon.
You were hungry.

You visited 1 branch of the dungeon, and saw 2 of its levels.

You collected 55 gold pieces.

Inventory:

Hand Weapons
 h - a +0 dagger (weapon)
Armour
 a - a +0 robe (worn)
 b - a +0 hat (worn)
Scrolls
 e - a scroll of amnesia {unknown}
 g - a scroll of teleportation {unknown}
 j - a scroll of immolation {unknown}
 k - a scroll of remove curse {unknown}
Books
 c - a book of Minor Magic

   Spells                             Type                      Level
   a - Magic Dart                     Conjuration                  1
   b - Blink                          Translocation                2
   c - Call Imp                       Summoning                    2
   d - Repel Missiles                 Charms/Air                   2
   e - Slow                           Hexes                        2
   f - Conjure Flame                  Conjuration/Fire             3
   g - Mephitic Cloud                 Conjuration/Poison/Air       3
Comestibles
 d - 2 bread rations
 f - a meat ration


   Skills:
 + Level 2.3 Dodging
 + Level 2.1 Stealth
 + Level 3.5 Spellcasting
 * Level 1.2 Conjurations
 * Level 1.2 Summonings
 - Level 1.0 Translocations


You had 2 spell levels left.
You knew the following spells:

 Your Spells              Type           Power        Failure   Level  Hunger
a - Magic Dart            Conj           #...         10%         1    None
b - Call Imp              Summ           #.......     14%         2    ##.....
c - Blink                 Tloc           N/A          17%         2    ##.....
d - Repel Missiles        Chrm/Air       #.....       24%         2    ##.....


Dungeon Overview and Level Annotations

Branches:
Dungeon (2/15)

Altars:
Fedhas
Xom


Message History

Casting: Blink
Confirm with . or Enter, or press ? or * to list all spells.
You blink.
* * * LOW HITPOINT WARNING * * *
You feel sick.
You closely miss the adder.
The adder is heavily wounded.
You hit the adder.
The adder is severely wounded.
The adder closely misses you. The hobgoblin closely misses you.
You miss the adder.
The adder is severely wounded.
The adder completely misses you. The hobgoblin hits you.
* * * LOW HITPOINT WARNING * * *
You hit the adder but do no damage.
The adder is severely wounded.
The adder barely misses you. The hobgoblin barely misses you.
You hit the adder.
The adder is almost dead.
You die...

#.........####.####
#..#
#...#.##..####[#
####
#...###.........#
#..# #.###.####.#
#.. #. #.# #.# #.#
#.# #.# #.#
.##.####S#
....[..g@#
..#.######


You could see an adder and a hobgoblin.

Vanquished Creatures
  2 giant geckos
  2 bats (D:1)
  A giant cockroach (D:1)
  2 goblins (D:1)
  4 hobgoblins
  3 kobolds (D:1)
  A ball python (D:1)
  4 rats (D:1)
19 creatures vanquished.

Vanquished Creatures (collateral kills)
  An adder (D:1)
  A hobgoblin (D:1)
2 creatures vanquished.

Vanquished Creatures (others)
  A fungus (D:2)
1 creature vanquished.

Grand Total: 22 creatures vanquished

Notes
Turn   | Place    | Note
--------------------------------------------------------------
     0 | D:1      | Mefis the Human Wizard began the quest for the Orb.
     0 | D:1      | Reached XP level 1. HP: 13/13 MP: 4/4
   262 | D:1      | Reached XP level 2. HP: 17/19 MP: 1/6
   266 | D:1      | Learned a level 2 spell: Call Imp
   269 | D:1      | Learned a level 2 spell: Blink
   272 | D:1      | Learned a level 2 spell: Repel Missiles
   612 | D:1      | Found a shimmering altar of Xom.
   915 | D:1      | Reached XP level 3. HP: 24/24 MP: 1/8
   992 | D:2      | Found a blossoming altar of Fedhas.
  1077 | D:2      | HP: 1/24 [hobgoblin (1)]
  1079 | D:2      | Succumbed to an adder's poison

Vault maps used:
D:1:      lightli_arrival_windingriver, xom_teletrap_fun
D:2:      fedhas_altar_3, first_bread, eino_curves_03, kennysheep_pointless_box,
          minmay_snake_closets

Action                   || total
-------------------------++-------
Melee: Club              ||    25
       Unarmed           ||     1
       Dagger            ||    19
 Cast: Magic Dart        ||    38
       Call Imp          ||     2
       Repel Missiles    ||     1
       Blink             ||     3
  Use: Potion            ||     1
 Stab: Sleeping          ||     2
Armor: Robe              ||    23
Dodge: Dodged            ||    51
